 Dungeon Crawl Stone Soup version 0.16.2-12-gd0ad4c3 (webtiles) character file.

299 Peloso the Covered (level 6, -6/53 HPs)
             Began as a Minotaur Fighter on Oct 4, 2015.
             Killed by divine providence
             ... invoked by an orc priest
              (12 damage)
             ... on level 3 of the Dungeon.
             The game lasted 00:08:44 (2717 turns).

Peloso the Covered (Minotaur Fighter)               Turns: 2717, Time: 00:08:44

Health: -6/53      AC: 11    Str: 21    XL:     6   Next: 13%
Magic:  3/3        EV:  6    Int:  5    God:
Gold:   218        SH: 10    Dex: 11    Spells: 0 memorised, 5 levels left

rFire  . . .     SeeInvis .     a - +0 long sword
rCold  . . .     Clarity  .     s - +0 chain mail
rNeg   . . .     SustAb   +     c - +0 shield
rPois  .         Gourm    .     (helmet restricted)
rElec  .         Spirit   .     i - +0 cloak
rCorr  .         Warding  .     (no gloves)
rMut   .         Stasis   .     (no boots)
MR     .....                    (no amulet)
Stlth  ..........               (no ring)
                                h - ring of sustain abilities

@: not resistant to hostile enchantments, extremely unstealthy
A: retaliatory headbutt, horns 2
a: no special abilities


You were on level 3 of the Dungeon.
You were very hungry.

You visited 1 branch of the dungeon, and saw 4 of its levels.

You collected 218 gold pieces.

Inventory:

Hand weapons
 a - a +0 long sword (weapon)
Armour
 b - a +0 scale mail
 c - a +0 shield (worn)
 i - a +0 cloak (worn)
 s - a +0 chain mail (worn)
Jewellery
 h - a ring of sustain abilities (left hand)
Scrolls
 g - a scroll of identify
 l - a scroll of immolation
 n - a scroll of fear
 o - 3 scrolls of fog
Potions
 e - a potion of heal wounds
 f - 2 potions of curing
 q - a potion of agility
Comestibles
 d - a bread ration
 m - a meat ration
 r - a royal jelly
 t - 4 fruits
 u - a beef jerky


   Skills:
 + Level 4.7 Fighting
 + Level 4.4 Long Blades
 + Level 5.1 Armour
 + Level 1.8 Dodging
 + Level 5.0 Shields


You had 5 spell levels left.
You didn't know any spells.

Dungeon Overview and Level Annotations

Branches:
Dungeon (4/15)
 Temple: D:4-7

Altars:
Ru
The Shining One


Innate Abilities, Weirdness & Mutations

You reflexively headbutt those who attack you in melee.
You have a pair of horns on your head.


Message History

The orc warrior is moderately wounded.
You block the orc warrior's attack.
You hit the orc warrior but do no damage.
The orc warrior is moderately wounded.
The orc warrior hits you with a long sword.
You hit the orc warrior.
The orc warrior is moderately wounded.
The orc warrior barely misses you.
You hit the orc warrior but do no damage.
The orc warrior is moderately wounded.
The orc warrior hits you with a long sword!
You closely miss the orc warrior.
The orc warrior is moderately wounded.
The orc priest invokes the aid of Beogh against you.
Something smites you!
* * * LOW HITPOINT WARNING * * *
You block the orc warrior's attack.
The orc priest mumbles some strange prayers to Beogh against you.
Something smites you!
You die...

#.# #..###.#.#.## #.#
#..#....###.#
#.###).#.#.#.#.##
...........##.##
#.#.....####...####
#.##...## #...(((.#
#.###.## #......<# ..#
#.# #.......# ### #.#
##...#@## ##+## #####.#
##...## #o# ##.....##
##o# ##.......## ##oo#
#.........####..o#######
'....>o.o.'o.............
#.........##.#...#.#####
##.......###.##..#.##


You could see an orc warrior, an orc priest and 3 orcs.

Vanquished Creatures
  The ghost of serq the Cutter, an average KoBe of Trog (D:3)
  2 orc priests (D:3)
  An orc wizard (D:3)
  2 adders
  4 worms
  4 giant geckos (D:2)
  2 orcs (D:3)
  2 ball pythons
  2 bats (D:1)
  A bat skeleton (D:4)
  10 goblins
  13 hobgoblins
  6 kobolds
  2 giant cockroaches
  A giant newt (D:2)
  7 rats
60 creatures vanquished.

Notes
Turn   | Place    | Note
--------------------------------------------------------------
     0 | D:1      | Peloso, the Minotaur Fighter, began the quest for the Orb.
     0 | D:1      | Reached XP level 1. HP: 19/19 MP: 1/1
     1 | D:1      | Noticed an electric eel
   111 | D:1      | Reached XP level 2. HP: 25/27 MP: 1/1
   198 | D:1      | Reached skill level 4 in Shields
   650 | D:2      | Reached XP level 3. HP: 30/33 MP: 2/2
  1266 | D:2      | Reached XP level 4. HP: 33/40 MP: 2/2
  1470 | D:3      | Found a sacrificial altar of Ru.
  1477 | D:3      | Found a glowing golden altar of the Shining One.
  1667 | D:3      | Noticed serq's ghost (average KoBe)
  1687 | D:3      | Killed serq's ghost
  1687 | D:3      | Reached skill level 5 in Armour
  1687 | D:3      | Reached skill level 1 in Dodging
  1687 | D:3      | Reached XP level 5. HP: 8/47 MP: 2/2
  1974 | D:3      | Reached skill level 5 in Shields
  1974 | D:3      | Reached XP level 6. HP: 23/53 MP: 3/3
  2191 | D:3      | Noticed an orc warrior
  2717 | D:3      | Killed from afar by an orc priest

Action                   |  1- 3 |  4- 6 || total
-------------------------+-------+-------++-------
Melee: Long sword        |   109 |    96 ||   205
  Use: Potion            |       |     1 ||     1
       Scroll            |       |     8 ||     8
  Eat: Chunk             |       |     5 ||     5
